 Dungeon Crawl Stone Soup version 0.29-a0-1052-g6990b1bffc (webtiles) character file.

Game seed: 12246040258416105079

2 drugrobin the Sneak (level 1, -2/18 HPs)
             Began as a Demigod Delver on Aug 18, 2022.
             Slain by an iguana (11 damage)
             ... on level 4 of the Dungeon.
             The game lasted 00:00:32 (133 turns).

drugrobin the Sneak (Demigod Delver)                 Turns: 133, Time: 00:00:32

Health: -2/18      AC:  3    Str: 13    XL:     1   Next: 20%
Magic:  3/3        EV: 12    Int: 12    God:
Gold:   0          SH:  0    Dex: 15    Spells: 0/0 levels left

rFire   . . .      SeeInvis .   a - +0 hand axe
rCold   . . .      Faith    .   (no shield)
rNeg    . . .      Spirit   .   b - +0 leather armour
rPois   .          Reflect  .   (no helmet)
rElec   .          Harm     .   (no cloak)
rCorr   .          Rampage  .   (no gloves)
Will    .....                   (no boots)
Stlth   +++.......              (no amulet)
HPRegen 0.06/turn               (no ring)
MPRegen 0.08/turn               (no ring)

@: no status effects
A: high MP 1, forlorn, divine attributes
a: no special abilities


You were on level 4 of the Dungeon.
You visited 1 branch of the dungeon, and saw 2 of its levels.

Inventory:

Hand Weapons
 a - a +0 hand axe (weapon)
Armour
 b - a +0 leather armour (worn)
 j - a +0 cloak
 k - a +0 chain mail
Wands
 g - a wand of digging (1)
Scrolls
 c - a scroll of fog
 d - a scroll of magic mapping
 e - a scroll of fear
 h - a scroll of identify {unknown}
Potions
 f - a potion of haste
 i - a potion of degeneration {unknown}


   Skills:
 + Level 2.7 Fighting
 + Level 1.8 Axes
 + Level 1.8 Dodging
 + Level 4.5 Stealth


You couldn't memorise any spells.
You didn't know any spells.
Your spell library was empty.

Dungeon Overview and Level Annotations

Branches:
Dungeon (5/15)
 Temple: D:4-7


Innate Abilities, Weirdness & Mutations

You have an increased reservoir of magic. (+10% MP)
You shall have no god before yourself.
Your divine heritage dramatically boosts your attributes as you level up.


Message History

The kobold is severely wounded.
The kobold barely misses you. The kobold closely misses you.
You see here a +0 chain mail.
k - a +0 chain mail The kobold hits you but does no damage.
A ball python comes into view.
The ball python hisses angrily.
The kobold hits you but does no damage.
An endoplasm comes into view.
The ball python bites you but does no damage.
The ball python grabs you. The ball python constricts you.
You escape the ball python's grasp.
The kobold attacks as you move away! The kobold closely misses you.
You hit the ball python.
You kill the ball python!
The kobold attacks as you move away! The kobold hits you with a +0 whip.
You closely miss the kobold.
The kobold is severely wounded.
The kobold barely misses you.
You closely miss the kobold.
The kobold is severely wounded.
The kobold hits you with a +0 whip.
The endoplasm quivers.
You hit the kobold but do no damage.
The kobold is severely wounded.
The kobold closely misses you.
A black bear comes into view.
You hit the kobold.
You kill the kobold!
Aiming: Dig
Press: ? - help, Shift-Dir - straight line A rock wall.
The rock shatters into small pieces.
The iguana barely misses you. The iguana attacks as you move away!
The iguana bites you.
Aiming: Dig
Press: ? - help, Shift-Dir - straight line A rock wall.
The rock shatters into small pieces.
The iguana bites you!
Ouch! That really hurt!
You die...

###...##########.#
........).......h.#
..
#####.####.#####...
... # #.# ##.## .#
#.# #####l# ##.##
.#..# ......# ##.##
.#.# ......#
##J##... ####.##
##l#.# #.# ##@# #.#
### #.# #.. ###


You could see an iguana and an endoplasm.

Vanquished Creatures
  A ball python (D:4)
  A kobold (D:4)
2 creatures vanquished.

Notes
Turn   | Place    | Note
-------+----------+-------------------------------------------
     0 | D:5      | drugrobin the Demigod Delver began the quest for the Orb.
     0 | D:5      | Reached XP level 1. HP: 18/18 MP: 3/3
    81 | D:4      | Noticed an iguana
   123 | D:4      | Noticed a black bear
   133 | D:4      | Slain by an iguana

Illustrated notes

Levels and vault maps discovered:
D:4:      layout_loops_ring, uniq_duvessa
D:5:      kennysheep_kobold_camp, layout_layer_cave, amcnicky_altar_gilded,
          fedhas_ov_isle_minmay, gammafunk_ghost_abyssal_escape,
          dk_noncrumbling_3

Action                   || total
-------------------------++-------
Melee: Hand axe          ||    10
Evoke: Wand              ||     2
Armor: Leather armour    ||     7
Dodge: Dodged            ||    10

Table legend: (Time is in decaauts)
 A = Elapsed time spent in this place.
 B = Non-inter-level travel time spent in this place.
 C = Inter-level travel time spent in this place.
 D = Time resting spent in this place.
 E = Time spent auto-exploring this place.
 F = Levels seen in this place.
 G = Mean time per level.
                   A        B        C        D        E       F      G
               +--------+--------+--------+--------+--------+-----+--------+
         Total |    134 |    121 |     13 |      0 |     49 |   2 |   67.0 |
       Dungeon |    134 |    121 |     13 |      0 |     49 |   2 |   67.0 |
               +--------+--------+--------+--------+--------+-----+--------+

Top non-repeatable levels by time:
     D:4: 69 daAuts
     D:5: 65 daAuts
